 Dungeon Crawl Stone Soup version 0.19.1 (webtiles) character file.

2900 Peloso the Slasher (level 9, -4/67 (68) HPs)
             Began as a Demonspawn Fighter on Dec 18, 2016.
             Was a Follower of Ashenzari.
             Slain by an orc warrior
             ... wielding a +0 war axe
              (20 damage)
             ... in a bailey.
             The game lasted 00:26:24 (9691 turns).

Peloso the Slasher (Demonspawn Fighter)             Turns: 9691, Time: 00:26:24

HP:   -4/67 (68)    AC: 14    Str: 25    XL:     9   Next: 49%
MP:   9/9           EV: 11    Int:  9    God:    Ashenzari [*.....]
Gold: 433           SH: 15    Dex: 13    Spells: 0 memorised, 8 levels left

rFire  + . .     SeeInvis .     a - +1 long sword
rCold  . . .     Gourm    .     q - +2 scale mail {rF+}
rNeg   . . .     Faith    +     c - +0 shield
rPois  .         Spirit   .     n - +0 helmet
rElec  .         Reflect  .     g - +0 cloak
rCorr  .         Harm     .     E - +1 pair of gloves
MR     .....                    (no boots)
Stlth  +++.......               j - amulet of faith
                                (no ring)
                                x - +1 ring of evasion

@: mighty
A: large bone plates 1, nightstalker 2
a: Curse Item, Scrying, Renounce Religion


You were in a bailey.
You worshipped Ashenzari.
Ashenzari was aware of your devotion.
You were hungry.

You visited 2 branches of the dungeon, and saw 9 of its levels.
You also visited: Bailey.

You collected 433 gold pieces.

Inventory:

Hand Weapons
 a - a +1 long sword (weapon)
Missiles
 J - 13 tomahawks of returning (quivered)
Armour
 c - a +0 shield (worn)
 g - a +0 cloak (worn)
 m - a +0 pair of gloves
 n - a +0 helmet (worn)
 q - a +2 scale mail of fire resistance (worn)
 E - a +1 pair of gloves (worn)
Jewellery
 j - an amulet of faith (around neck)
 x - a +1 ring of evasion (left hand)
 z - an uncursed ring of protection from fire
 A - a +1 ring of evasion
Wands
 r - a wand of flame (20/48)
 v - a wand of paralysis (16/24)
Scrolls
 i - a scroll of enchant weapon
 k - 2 scrolls of fear
 o - 2 scrolls of remove curse
 t - 3 scrolls of teleportation
 y - 4 scrolls of identify
 F - a scroll of holy word {unknown}
 G - a scroll of enchant armour {unknown}
Potions
 d - 3 potions of might
 e - 3 potions of agility
 p - 2 potions of heal wounds {unknown}
 s - a potion of magic {unknown}
 u - 2 potions of invisibility {unknown}
 w - 3 potions of degeneration {unknown}
 C - a potion of curing {unknown}
 D - 3 potions of flight
 I - 2 potions of ambrosia {unknown}
Comestibles
 b - a slice of pizza
 f - 5 bread rations
 h - 5 meat rations
 l - 8 fruits
 B - a beef jerky


   Skills:
 + Level 5.2 Fighting
 + Level 7.3 Long Blades
 + Level 5.6 Armour
 + Level 3.2 Dodging
 + Level 2.4 Stealth
 + Level 6.5 Shields
 + Level 0.4 Evocations


You had 8 spell levels left.
You didn't know any spells.

Dungeon Overview and Level Annotations

Branches:
Dungeon (8/15)             Temple (1/1) D:6
   Lair: D:8-11

Altars:
Ashenzari
Dithmenos
Fedhas
Gozag
Kikubaaqudgha
Makhleb
Okawaru
Uskayaw
Yredelemnul

Shops:
D:5 *

Annotations:
D:5 1 runed door


Innate Abilities, Weirdness & Mutations

You are partially covered in large bone plates. (SH +4)
You are significantly more attuned to the shadows.


Message History

The orc warrior is heavily wounded.
The orc warrior hits you with a war axe!
* * * LOW HITPOINT WARNING * * *
You closely miss the orc warrior.
The orc warrior is heavily wounded.
The orc warrior shouts!
You hear a shout! x3
You block the orc warrior's attack.
You hear a shout!
You hit the orc warrior.
The orc warrior is heavily wounded.
You block the orc warrior's attack.
You slash the orc warrior!
The orc warrior is almost dead.
The orc warrior barely misses you.
You barely miss the orc warrior.
The orc warrior is almost dead.
You barely miss the orc warrior.
The orc warrior is almost dead.
The orc warrior hits you with a war axe!!
You die...

####.............#
###........≈≈≈≈≈≈≈≈≈#
##.......≈≈≈≈≈≈≈≈≈≈≈≈≈≈#
##......≈≈≈≈≈#########≈≈≈≈
###....≈≈≈≈≈≈≈∩#ogoogg.#K≈≈≈
#≈≈≈≈≈≈≈≈≈.)####.KoK...####≈
≈≈≈≈≈≈≈≈≈....)#Ko#
≈≈≈≈≈#..†...###oo.
#######.†...#@#K.#
#.......#o#K.#
#.....⌠K..o#..#
##......K..#'##
##...........####
####............
#############


You could see 2 orc warriors and a kobold.

Vanquished Creatures
  A two-headed ogre (D:6)
  A hippogriff (D:7)
  An orc warrior (Bailey)
  3 black bears
  A necrophage (D:5)
  An ice beast (D:5)
  A phantom (D:7)
  4 ogres
  A crocodile (D:7)
  A centaur (D:6)
  A bullfrog (D:6)
  3 scorpions (D:4)
  3 wights (D:7)
  A howler monkey (D:6)
  A bullfrog zombie (D:6)
  2 crimson imps
  A quasit (D:6)
  2 jellies
  2 orc wizards (D:6)
  4 orc priests
  5 hounds
  A bullfrog skeleton (D:5)
  An iguana (D:6)
  Terence (D:3)
  5 worker ants
  A hound zombie (D:5)
  10 adders
  5 gnolls
  2 shadow imps (D:5)
  An ooze (D:2)
  4 worms
  A dart slug (D:2)
  A leopard gecko (D:3)
  27 orcs
  3 ball pythons
  10 bats
  A giant cockroach (D:7)
  12 goblins
  7 hobgoblins
  2 jackals (D:2)
  13 kobolds
  6 quokkas
  A ball python skeleton (D:5)
  5 frilled lizards
  A goblin skeleton (D:5)
  A leopard gecko skeleton (D:4)
  7 rats
169 creatures vanquished.

Notes
Turn   | Place    | Note
-------+----------+-------------------------------------------
     0 | D:1      | Peloso the Demonspawn Fighter began the quest for the Orb.
     0 | D:1      | Reached XP level 1. HP: 18/18 MP: 1/1
   701 | D:1      | Gained mutation: You are slightly more attuned to the shadows. [demonic ancestry]
   701 | D:1      | Reached XP level 2. HP: 24/24 MP: 2/2
  1136 | D:1      | Reached skill level 2 in Long Blades
  2113 | D:2      | Reached XP level 3. HP: 29/29 MP: 3/3
  2819 | D:2      | Reached XP level 4. HP: 31/35 MP: 4/4
  2867 | D:2      | Reached skill level 1 in Dodging
  3117 | D:3      | Noticed Terence
  3142 | D:3      | Killed Terence
  3412 | D:3      | Reached skill level 3 in Long Blades
  3546 | D:3      | Reached XP level 5. HP: 35/41 MP: 5/5
  4336 | D:4      | Gained mutation: You are significantly more attuned to the shadows. [demonic ancestry]
  4336 | D:4      | Reached XP level 6. HP: 47/47 MP: 6/6
  4698 | D:4      | Reached skill level 4 in Long Blades
  4759 | D:4      | Reached skill level 1 in Stealth
  4759 | D:4      | Reached XP level 7. HP: 16/53 MP: 7/7
  5196 | D:4      | HP: 1/54 [orc priest/mace (3)]
  5526 | D:5      | Entered Level 5 of the Dungeon
  5551 | D:5      | Found a runed door.
  5551 | D:5      | Noticed a human
  5560 | D:5      | Found a basalt altar of Yredelemnul.
  5625 | D:5      | Reached skill level 5 in Long Blades
  6197 | D:5      | Reached XP level 8. HP: 32/61 MP: 8/8
  6273 | D:5      | Found Limutunagh's General Store.
  6791 | D:6      | Reached skill level 5 in Shields
  6885 | D:6      | Found a blossoming altar of Fedhas.
  6967 | D:6      | Reached skill level 6 in Long Blades
  7403 | D:6      | Found a staircase to the Ecumenical Temple.
  7478 | D:6      | Reached skill level 5 in Fighting
  7524 | Temple   | Entered the Ecumenical Temple
  7556 | Temple   | Became a worshipper of Ashenzari the Shackled
  7932 | D:7      | Noticed a two-headed ogre
  8006 | D:7      | Gained mutation: You are partially covered in large bone plates. (SH +4) [demonic ancestry]
  8006 | D:7      | Reached XP level 9. HP: 50/67 MP: 9/9
  8094 | D:6      | Reached skill level 5 in Armour
  9027 | D:7      | Reached skill level 7 in Long Blades
  9417 | D:8      | Found a flagged portal.
  9438 | Bailey   | Entered a bailey
  9438 | Bailey   | Reached * piety under Ashenzari
  9454 | Bailey   | Noticed an orc knight
  9691 | Bailey   | Slain by an orc warrior

Skill      XL: |  1  2  3  4  5  6  7  8  9 |
---------------+----------------------------+-----
Shields        | 3 4 5 6 |  6.5
Long Blades    | 2 3 4 5 6 7 |  7.3
Armour         | 3 4 5 |  5.6
Dodging        | 1 2 3 |  3.2
Stealth        | 1 2 |  2.4
Fighting       | 4 5 |  5.2
Evocations     | |  0.4

Action                   |  1- 3 |  4- 6 |  7- 9 || total
-------------------------+-------+-------+-------++-------
Melee: Long sword        |   194 |   232 |   447 ||   873
Throw: Tomahawk          |       |       |     9 ||     9
Evoke: Wand              |       |       |     3 ||     3
  Use: Scroll            |       |     7 |     2 ||     9
       Potion            |       |       |     2 ||     2
 Stab: Sleeping          |       |     2 |     5 ||     7
  Eat: Chunk             |     6 |     7 |    16 ||    29
Armor: Scale mail        |   115 |   104 |   204 ||   423
Dodge: Dodged            |    64 |    71 |   207 ||   342
Block: Shield            |    98 |   127 |   300 ||   525
       Rpst.: Long sword |    20 |    29 |    48 ||    97
